 Dungeon Crawl Stone Soup version 0.29.1-2-gbd0b4ee654 (webtiles) character file.

Game seed: 16849903940926547600

118 xian the Trooper (level 4, -1/37 HPs)
             Began as a Demonspawn Abyssal Knight on Nov 16, 2022.
             Was a Priest of Lugonu.
             Slain by a gnoll
             ... wielding a +0 halberd
              (10 damage)
             ... on level 3 of the Dungeon.
             The game lasted 00:04:27 (2856 turns).

xian the Trooper (Demonspawn Abyssal Knight)        Turns: 2856, Time: 00:04:28

Health: -1/37      AC:  5    Str: 16    XL:     4   Next: 72%
Magic:  6/6        EV: 11    Int: 11    God:    Lugonu [***...]
Gold:   142        SH:  0    Dex: 13    Spells: 3/3 levels left

rFire   + . .      SeeInvis .   c - +2 dagger (venom)
rCold   . . .      Faith    .   (no shield)
rNeg    . . .      Spirit   .   o - +2 leather armour {rF+}
rPois   .          Reflect  .   (no helmet)
rElec   .          Harm     .   (no cloak)
rCorr   .          Rampage  .   (no gloves)
Will    .....                   (no boots)
Stlth   +.........              j - amulet of the acrobat
HPRegen 0.12/turn               (no ring)
MPRegen 0.10/turn               (no ring)

@: no status effects
A: weakness stinger 2
a: Renounce Religion, Depart the Abyss, Bend Space, Banish


You were on level 3 of the Dungeon.
You worshipped Lugonu.
Lugonu was most pleased with you.
You visited 1 branch of the dungeon, and saw 3 of its levels.
You visited the Abyss 1 time.

You collected 142 gold pieces.

Inventory:

Hand Weapons
 c - a +2 dagger of venom (weapon)
Missiles
 d - 17 poisoned darts (quivered)
 m - 2 javelins
 p - 2 curare-tipped darts
Armour
 o - a +2 leather armour of fire resistance (worn)
Jewellery
 j - an amulet of the acrobat (around neck)
Scrolls
 i - a scroll of poison {unknown}
 k - a scroll of identify {unknown}
 l - a scroll of teleportation {unknown}
Potions
 a - 2 potions of curing {unknown}
 b - a potion of brilliance {unknown}
 e - a potion of attraction {unknown}
 f - 3 potions of flight {unknown}
 g - 2 potions of lignification {unknown}
 h - a potion of haste {unknown}
 n - a potion of degeneration {unknown}


   Skills:
 + Level 3.8 Fighting
 + Level 2.4 Short Blades
 + Level 2.6 Armour
 + Level 1.5 Dodging
 + Level 0.4 Stealth
 * Level 3.3 Invocations


You had 3 spell levels left.
You didn't know any spells.
Your spell library contained the following spells:

 Spells                   Type           Power      Damage    Failure   Level
 Freeze                   Ice            0%         1d3       38%         1
 Sandblast                Erth           0%         2d4       38%         1
 Passwall                 Tmut/Erth      0%         N/A       54%         2
 Scorch                   Fire           0%         2d5       54%         2
 Frozen Ramparts          Ice            0%         1d1       77%         3
 Ozocubu's Armour         Ice            0%         N/A       77%         3
 Stone Arrow              Conj/Erth      0%         3d7       77%         3
 Flame Wave               Conj/Fire      0%         2d4       99%         4
 Hailstorm                Conj/Ice       0%         3d3       99%         4
 Metabolic Englaciation   Hex/Ice        0%         N/A       100%        5
 Simulacrum               Ice/Necr       0%         N/A       100%        6
 Summon Cactus Giant      Summ           0%         N/A       100%        6


Dungeon Overview and Level Annotations

Branches:
Dungeon (3/15)

Altars:

Shops:
D:1 [


Innate Abilities, Weirdness & Mutations

You have a tail ending in a sharp stinger.


Message History

The hobgoblin is almost dead.
The hobgoblin closely misses you.
You hit the hobgoblin.
You kill the hobgoblin!
Lugonu accepts your kill.
You barely miss the gnoll. The gnoll hits you but does no damage.
You hit the gnoll. You tail-slap the gnoll.
The gnoll is lightly wounded.
The gnoll barely misses you.
You hit the gnoll.
The gnoll is poisoned.
You tail-slap the gnoll, but do no damage.
The gnoll is heavily wounded.
The gnoll hits you with a +0 whip.
You hit the gnoll.
The gnoll looks even sicker.
The gnoll is almost dead.
You kill the gnoll!
Lugonu accepts your kill.
A gnoll comes into view. It is wielding a +0 whip.
The gnoll misses you. The hobgoblin completely misses you.
You see here a +0 whip.
The gnoll shouts!
You hit the hobgoblin.
The hobgoblin is poisoned.
Your tail-slap misses the hobgoblin.
The hobgoblin is moderately wounded.
The gnoll hits you from afar with a +0 halberd!
The hobgoblin barely misses you.
You hit the hobgoblin.
You kill the hobgoblin!
Lugonu accepts your kill.
The gnoll hits you from afar with a +0 halberd.
The gnoll closely misses you.
You barely miss the gnoll. The gnoll hits you with a +0 halberd!
* * * LOW HITPOINT WARNING * * *
You hit the gnoll but do no damage.
The gnoll is poisoned.
You tail-slap the gnoll.
The gnoll is moderately wounded.
The gnoll hits you with a +0 whip.
* * * LOW HITPOINT WARNING * * *
The gnoll hits you with a +0 halberd!
You die...

....(.......#....##..#
...........##......###
..##....##.##....#.##
...##....#......<#..#######.#
.#.####.....#<......รท......#
##.#####..#.#....####...#.##
#...# ##...#.#### #.....#
####.#####....#######...#####
...............)@g..>........
#################g#..........
#.#........$. #.###.##.....
#.# #.# ..... #.#...g......
#.#...>...... #.#..........
...........


You could see 2 gnolls.

Vanquished Creatures
  4 gnolls
  3 adders
  A worm (D:2)
  3 bats (D:2)
  4 endoplasms
  3 giant cockroaches
  A goblin (D:1)
  4 hobgoblins
  3 quokkas
  6 ball pythons
  4 frilled lizards
  8 kobolds
  8 rats
52 creatures vanquished.

Notes
Turn   | Place    | Note
-------+----------+-------------------------------------------
     0 | Abyss:1  | xian the Demonspawn Abyssal Knight began the quest for the
                  | Orb.
     0 | Abyss:1  | Reached XP level 1. HP: 18/18 MP: 2/2
     1 | D:1      | Escaped the Abyss
   544 | D:1      | Reached skill level 1 in Dodging
   544 | D:1      | Gained mutation: You have a small tail. [demonic ancestry]
   544 | D:1      | Reached XP level 2. HP: 20/24 MP: 3/3
   798 | D:1      | Found Sucywn's Antique Armour Emporium.
  1475 | D:2      | Gained mutation: You have a tail ending in a sharp stinger.
                  | [demonic ancestry]
  1475 | D:2      | Reached XP level 3. HP: 29/29 MP: 4/4
  1488 | D:2      | Reached *** piety under Lugonu
  1791 | D:2      | Reached XP level 4. HP: 11/37 MP: 6/6
  2759 | D:3      | Found a faded altar of an unknown god.
  2856 | D:3      | Slain by a gnoll

Illustrated notes

Levels and vault maps discovered:
D:1:      eino_arrival_tree_alley, layout_loops_ring, serial_shops,
          nicolae_shop_overgrown_old_shop, feat_on_display
D:2:      layout_loops_cross
D:3:      kennysheep_six_static_rooms, layout_rooms, serial_shops,
          nicolae_shop_hallway_plus, hellmonk_ecumenical_altar_lost_god,
          kennysheep_nondescript

Skill      XL: |  1  2  3 |
---------------+----------+-----
Armour         | 2 |  2.6
Dodging        | 1 |  1.5
Short Blades   | 2 |  2.4
Invocations    | 3 |  3.3
Fighting       | |  3.8
Stealth        | |  0.4

Action                   |  1- 3 |  4- 6 || total
-------------------------+-------+-------++-------
Melee: Short sword       |    19 |       ||    19
       Dagger            |    82 |    42 ||   124
       Tailslap          |     9 |     5 ||    14
       Punch             |       |     1 ||     1
Throw: Dart              |       |     1 ||     1
Armor: Ring mail         |    13 |     5 ||    18
       Leather armour    |     2 |     1 ||     3
Dodge: Dodged            |    54 |    34 ||    88
